cohdb
Replays
Latest Replays
All Replays
Popular Replays
Top Player Replays
Match Explorer
How It Works
Community
CoH3 Stats
Reddit
Sign in to upload your games and track your stats! →
Sign in with Steam
Match 43112096
Unlisted
Match 43112096
Overview
Messages
Build Orders
End
Kradschützen Motorcycle Team
Panzergrenadier Squad
Panzergrenadier Squad
Construct Light Support Kompanie
MG34 Team
Panzerjäger Squad
Selects Italian Combined Arms Battlegroup
Selects Bersaglieri Squad
Selects Vehicle Support - Secure Location
Fire Support Elements
Assault Mechanized Group
Selects Vehicle Support - Force Recon
Flakvierling Half-track
2.5-tonne Medical Truck
Pak 38 Anti-tank Gun Team
Selects Semovente da 75/18 Assault Gun
Selects Strafing Run
Pak 38 Anti-tank Gun Team
Construct Panzerarmee Kommand
Vehicle Survival Package
Selects Pact of Steel
Panzer III L Medium Tank
Panzerjäger Mechanized Group
Emergency Repair Kits
Panzer III L Medium Tank
Strafing Run
Panzer III L Medium Tank
Strafing Run
^3
Naat
0
0
Comments
sign in to comment!
No comments posted yet!